 Dungeon Crawl Stone Soup version 0.30-a0-672-gc3a7216ad8 (webtiles) character file.

Game seed: 5148961595506063145

1736 Newt the Skirmisher (level 9, -6/55 HPs)
             Began as a Kobold Hunter on Jan 18, 2023.
             Mangled by an ice beast (14 damage)
             ... on level 7 of the Dungeon.
             The game lasted 00:05:44 (7377 turns).

Newt the Skirmisher (Kobold Hunter)                 Turns: 7377, Time: 00:05:44

Health: -6/55      AC: 16    Str:  5    XL:     9   Next: 25%
Magic:  9/9        EV:  3    Int: 10    God:
Gold:   252        SH:  0    Dex: 20    Spells: 8/8 levels left

rFire   . . .      SeeInvis +    t - +7 arbalest "Emnumat" {penet, rPois rN+++ Str-3 Dex-3}
rCold   . . .      Faith    .    (shield currently unavailable)
rNeg    + + +      Spirit   .    z - +0 shadow dragon scales
rPois   +          Reflect  .    (no helmet)
rElec   .          Harm     .    l - +1 cloak
rCorr   +          Rampage  .    x - +0 pair of gloves
Will    .....                    (no boots)
Stlth   ++++++                   (no amulet)
HPRegen 0.29/turn                j - ring of resist corrosion
MPRegen 0.11/turn                y - ring of see invisible

@: no status effects
A: small, no large weapons, nightstalker 3
a: no special abilities


You were on level 7 of the Dungeon.
You visited 2 branches of the dungeon, and saw 8 of its levels.

You collected 304 gold pieces.
You spent 52 gold pieces at shops.

Inventory:

Hand Weapons
 a - a +0 shortbow of draining
 t - the +7 arbalest "Emnumat" (weapon) {penet, rPois rN+++ Str-3 Dex-3}
   (You found it on level 4 of the Dungeon)

   Str:       It affects your strength (-3).
   Dex:       It affects your dexterity (-3).
   rPois:     It protects you from poison.
   rN:        It renders you almost immune to negative energy.
Armour
 c - a +0 leather armour
 l - a +1 cloak (worn)
 x - a +0 pair of gloves (worn)
 z - +0 shadow dragon scales (worn)
Jewellery
 f - a ring of fire
 j - a ring of resist corrosion (left hand)
 y - a ring of see invisible (right hand)
Wands
 w - a wand of flame (12)
Scrolls
 b - 2 scrolls of immolation
 e - 2 scrolls of magic mapping
 g - a scroll of teleportation
 h - 2 scrolls of fear
 m - a scroll of vulnerability
 n - 2 scrolls of noise
 p - 2 scrolls of poison
 q - a scroll of enchant weapon
 u - 2 scrolls of enchant armour
 v - 6 scrolls of identify
 B - a scroll of blinking
Potions
 d - 2 potions of cancellation
 i - 2 potions of haste
 k - a potion of mutation {unknown}
 o - 5 potions of curing
 r - a potion of berserk rage {unknown}
 s - a potion of attraction {unknown}
 A - a potion of flight {unknown}


   Skills:
 + Level 6.0 Fighting
 - Level 9.0 Ranged Weapons
 - Level 4.0 Armour
 - Level 6.0 Dodging
 - Level 7.0 Stealth


You had 8 spell levels left.
You didn't know any spells.
Your spell library contained the following spells:

 Spells                   Type           Power      Damage    Failure   Level
 Apportation              Tloc           0%         N/A       100%        1
 Necrotise                Necr           0%         1d4       100%        1
 Sting                    Tmut/Pois      0%         1d3       100%        1
 Summon Small Mammal      Summ           0%         N/A       100%        1
 Poisonous Vapours        Pois/Air       0%         N/A       100%        2
 Sublimation of Blood     Necr           0%         N/A       100%        2
 Call Canine Familiar     Summ           0%         N/A       100%        3
 Portal Projectile        Hex/Tloc       0%         N/A       100%        3
 Leda's Liquefaction      Hex/Erth       0%         N/A       100%        4
 Olgreb's Toxic Radiance  Pois           0%         N/A       100%        4
 Petrify                  Tmut/Erth      0%         N/A       100%        4
 Irradiate                Conj/Tmut      0%         3d11      100%        5


Dungeon Overview and Level Annotations

Branches:
Dungeon (7/15)             Temple (1/1) D:6

Altars:
Ashenzari
Cheibriados
Dithmenos
Elyvilon
Fedhas
Gozag
Hepliaklqana
Kikubaaqudgha
Makhleb
Nemelex Xobeh
Okawaru
Qazlal
Ru
Sif Muna
Trog
Uskayaw
Wu Jian
Xom
Yredelemnul
Zin
The Shining One

Shops:
D:2 !!([?   D:7 [


Innate Abilities, Weirdness & Mutations

You are small and have problems with some larger weapons.
You are completely attuned to the shadows.


Message History

The ice beast hits you but does no damage.
The shadow hits you.
The kobold brigand hits you but does no damage.
The ice beast hits you but does no damage.
The shadow hits you.
The kobold brigand hits you but does no damage.
The ice beast hits you but does no damage.
The kobold brigand hits you with a +0 club.
The shadow hits you!
You shoot a bolt.
The bolt pierces through the kobold brigand!!
You kill the kobold brigand!
The ice beast hits you but does no damage.
The shadow hits you.
The ice beast hits you but does no damage.
The shadow hits you.
Training target 6.0 for Fighting reached!
Your Fighting skill increases to level 6!
You need to enable at least one skill for training.
You shoot a bolt. The bolt pierces through the shadow!
The shadow is moderately damaged.
The ice beast hits you but does no damage.
The shadow hits you. The ice beast hits you. The ice beast freezes you!
The shadow hits you!
The ice beast hits you but does no damage.
The shadow hits you.
You shoot a bolt. The bolt barely misses the shadow.
The ice beast hits you but does no damage.
The shadow slips into darkness.
The shadow flickers and vanishes for a moment.
The ice beast hits you but does no damage.
The shadow hits you!
* * * LOW HITPOINT WARNING * * *
You shoot a bolt. The bolt pierces through the shadow!!
You destroy the shadow!
The ice beast hits you but does no damage.
The ice beast hits you.
* * * LOW HITPOINT WARNING * * *
The ice beast freezes you!
You die...

....###..
.........
..8...8..
.........
....@....
....Y)...
..∩...8..
..)..)...
>........


You could see an ice beast.

Vanquished Creatures
  A shadow (D:7)
  2 water moccasins (D:6)
  A black bear (D:4)
  An ice beast (D:5)
  2 ogres
  A centaur (D:5)
  A kobold brigand (D:7)
  5 scorpions
  A howler monkey (D:4)
  2 hounds
  Crazy Yiuf (D:4)
  Ijyb (D:4)
  7 iguanas
  5 orc wizards
  Terence (D:2)
  7 gnolls
  5 adders
  A white imp (D:6)
  An ufetubus (D:5)
  A worm (D:3)
  2 dart slugs
  13 orcs
  9 bats
  10 endoplasms
  3 giant cockroaches
  4 goblins
  4 hobgoblins
  9 jackals
  15 kobolds
  A quokka (D:4)
  7 ball pythons
  4 frilled lizards
  2 rats
130 creatures vanquished.

Vanquished Creatures (others)
  12 fungi (D:4)
  3 plants (D:2)
15 creatures vanquished.

Grand Total: 145 creatures vanquished

Notes
Turn   | Place    | Note
-------+----------+-------------------------------------------
     0 | D:1      | Newt the Kobold Hunter began the quest for the Orb.
     0 | D:1      | Reached XP level 1. HP: 12/12 MP: 1/1
   334 | D:1      | Reached XP level 2. HP: 17/17 MP: 2/2
  1160 | D:1      | Reached XP level 3. HP: 21/23 MP: 3/3
  1272 | D:2      | Found Depsifit's Armour Emporium.
  1279 | D:2      | Found Niowaffiseu's Antique Weapon Boutique.
  1345 | D:2      | Found Piwaugg's Distillery.
  1386 | D:2      | Found Feghuogg's Distillery.
  1533 | D:2      | Noticed Terence
  1607 | D:2      | Killed Terence
  1608 | D:2      | Reached XP level 4. HP: 19/29 MP: 4/4
  1804 | D:2      | Found Plog's Magic Scroll Boutique.
  1809 | D:2      | Bought a scroll of identify for 26 gold pieces
  1809 | D:2      | Bought a scroll of identify for 26 gold pieces
  2107 | D:3      | Found a burning altar of Makhleb.
  2110 | D:3      | Reached skill level 6 in Ranged Weapons
  2123 | D:3      | Reached XP level 5. HP: 13/33 MP: 5/5
  2540 | D:3      | Found an iron altar of Okawaru.
  2543 | D:3      | Found a shimmering altar of Xom.
  2743 | D:3      | Reached skill level 7 in Ranged Weapons
  2860 | D:3      | Found a sparkling altar of Nemelex Xobeh.
  3106 | D:4      | Reached XP level 6. HP: 36/38 MP: 6/6
  3126 | D:4      | Noticed a black bear
  3138 | D:4      | Killed a black bear
  3139 | D:4      | Reached skill level 8 in Ranged Weapons
  3228 | D:4      | Found a runed translucent door.
  3231 | D:4      | Noticed Crazy Yiuf
  3237 | D:4      | Killed Crazy Yiuf
  3543 | D:4      | Noticed an ogre
  3546 | D:4      | Killed an ogre
  3547 | D:4      | Reached skill level 9 in Ranged Weapons
  3547 | D:4      | Reached XP level 7. HP: 43/43 MP: 7/7
  3551 | D:4      | Identified the +7 arbalest "Emnumat" {penet, rPois rN+++
                  | Str-3 Dex-3}
  4190 | D:4      | Noticed Ijyb
  4192 | D:4      | Reached skill level 5 in Dodging
  4194 | D:4      | Killed Ijyb
  4495 | D:5      | Entered Level 5 of the Dungeon
  4514 | D:5      | Reached skill level 1 in Armour
  4514 | D:5      | Reached XP level 8. HP: 48/48 MP: 8/8
  4517 | D:5      | Found a shadowy altar of Dithmenos.
  5382 | D:6      | Found a white marble altar of Elyvilon.
  5399 | D:6      | Found a bloodstained altar of Trog.
  5468 | D:6      | Reached skill level 5 in Stealth
  5588 | D:6      | Found a staircase to the Ecumenical Temple.
  5619 | Temple   | Entered the Ecumenical Temple
  6330 | D:6      | Reached XP level 9. HP: 52/52 MP: 9/9
  6585 | D:6      | Found a snail-covered altar of Cheibriados.
  6920 | D:7      | Found Ohaass's Antique Armour Shoppe.
  6938 | D:6      | Reached skill level 5 in Fighting
  7377 | D:7      | Mangled by an ice beast

Illustrated notes

Levels and vault maps discovered:
D:1:      dpeg_arrival_snail, layout_loops_corners, minmay_tetromino_l4
D:2:      layout_basic, serial_bayou, serial_bayou_crossing,
          serial_bayou_lagoon_a, serial_bayou_shore_b, serial_bayou_lagoon_b,
          serial_shops, shop, nicolae_lakefront_shop,
          nicolae_shop_overgrown_old_shop, nicolae_square_shop,
          nicolae_shop_crystal, st_stairs_7, kennysheep_generic_room_3,
          uniq_terence
D:3:      layout_rooms, grunt_temple_overflow_diamond,
          mainiacjoe_overflow_concentric_impassable
D:4:      layout_rooms, serial_aquarium, aquarium_bridge_square
          [aquarium_subvault_wall, aquarium_subvault_wall,
          aquarium_subvault_bridge, aquarium_subvault_wall],
          aquarium_bridge_straight [aquarium_subvault_bridge,
          aquarium_subvault_window, aquarium_subvault_bridge,
          aquarium_subvault_window], aquarium_window_corridor_3,
          aquarium_window_fake, aquarium_view_2g, aquarium_view_2d,
          aquarium_balcony_3b, aquarium_pool_five, minmay_misc_feat_cross,
          uniq_crazy_yiuf_cottage, uniq_ijyb
D:5:      layout_basic, nicolae_dithmenos_shadow_blocks
D:6:      layout_layer_cave, trog_book, mainiacjoe_overflow_catwalk_spiral,
          minmay_temple_entry_hall
D:7:      layout_rooms, corner_web_ring, nicolae_stop_n_shop_1,
          minmay_shop_enchanted_jewellery
Temple:   nicolae_temple_bog_church

Skill      XL: |  1  2  3  4  5  6  7  8  9 |
---------------+----------------------------+-----
Stealth        | 2 3 6 7 |  7.0
Fighting       | 3 4 6 |  6.0
Ranged Weapons | 6 7 9 |  9.0
Dodging        | 3 6 |  6.0
Armour         | 1 4 |  4.0

Action                   |  1- 3 |  4- 6 |  7- 9 || total
-------------------------+-------+-------+-------++-------
 Fire: Shortbow          |    68 |    94 |     3 ||   165
       Arbalest          |       |       |   126 ||   126
  Use: Scroll            |     6 |     6 |     1 ||    13
       Potion            |       |       |     2 ||     2
Armor: Leather armour    |     7 |    19 |    11 ||    37
       Shadow dragon sca |       |       |    66 ||    66
Dodge: Dodged            |    25 |    55 |    47 ||   127

Table legend: (Time is in decaauts)
 A = Elapsed time spent in this place.
 B = Non-inter-level travel time spent in this place.
 C = Inter-level travel time spent in this place.
 D = Time resting spent in this place.
 E = Time spent auto-exploring this place.
 F = Levels seen in this place.
 G = Mean time per level.
                   A        B        C        D        E       F      G
               +--------+--------+--------+--------+--------+-----+--------+
         Total |   7582 |   7155 |    427 |   1574 |   4845 |   8 |  947.8 |
       Dungeon |   7401 |   7023 |    378 |   1574 |   4726 |   7 | 1057.3 |
        Temple |    181 |    132 |     49 |      0 |    119 |   1 |  181.0 |
               +--------+--------+--------+--------+--------+-----+--------+

Top non-repeatable levels by time:
     D:6: 1945 daAuts
     D:4: 1448 daAuts
     D:1: 1177 daAuts
     D:3: 1000 daAuts
     D:2: 976 daAuts
     D:5: 823 daAuts
  Temple: 181 daAuts
     D:7: 30 daAuts
